 Dungeon Crawl Stone Soup version 0.29-a0-559-g359e09b9d1 (webtiles) character file.

Game seed: 16441009456198652407

7517 spaghetti the Spear-Bearer (level 11, -3/83 HPs)
             Began as a Gnoll Wanderer on June 9, 2022.
             Was a High Priest of Vehumet.
             Slain by a cane toad (13 damage)
             ... on level 9 of the Dungeon.
             The game lasted 00:16:32 (9269 turns).

spaghetti the Spear-Bearer (Gnoll Wanderer)         Turns: 9269, Time: 00:16:33

Health: -3/83      AC: 14    Str: 21    XL:     11   Next: 16%
Magic:  1/20       EV: 14    Int: 25    God:    Vehumet [*****.]
Gold:   594        SH:  0    Dex: 12    Spells: 10/22 levels left

rFire   . . .      SeeInvis +   L - +1 dagger (venom) {short}
rCold   . . .      Faith    .   (no shield)
rNeg    . . .      Spirit   .   q - +0 steam dragon scales
rPois   .          Reflect  .   (no helmet)
rElec   .          Harm     .   v - +1 cloak
rCorr   .          Rampage  .   K - +1 pair of gloves
Will    .....                   y - +2 pair of boots of Hopscotch {Regen+ Int+4}
Stlth   ++++......              x - amulet of regeneration {@e2}
HPRegen 1.83/turn               m - +6 ring of intelligence
MPRegen 0.17/turn               P - ring "Maeppyug" {*Corrode Str+6 Dex+3 SInv Stlth+}

@: lethally poisoned (-3 -> -3)
A: fangs 1, strong nose, distributed training
a: Renounce Religion


You were on level 9 of the Dungeon.
You worshipped Vehumet.
Vehumet was extremely pleased with you.
You visited 2 branches of the dungeon, and saw 10 of its levels.

You collected 594 gold pieces.


Innate Abilities, Weirdness & Mutations

You have very sharp teeth.
Your uncanny sense of smell can sniff out nearby items.
Your experience applies equally to all skills.


   Skills:
 + Level 6.6 Fighting
 + Level 6.0 Short Blades
 + Level 6.0 Long Blades
 + Level 6.0 Axes
 + Level 7.6 Maces & Flails
 + Level 9.0 Polearms
 + Level 6.0 Staves
 + Level 6.0 Slings
 + Level 6.0 Bows
 + Level 6.0 Crossbows
 + Level 7.6 Throwing
 + Level 6.6 Armour
 + Level 6.6 Dodging
 + Level 6.0 Stealth
 + Level 6.0 Shields
 + Level 6.0 Unarmed Combat
 + Level 6.0 Spellcasting
 + Level 5.0 Conjurations
 + Level 5.0 Hexes
 + Level 5.0 Summonings
 + Level 5.0 Necromancy
 + Level 5.0 Translocations
 + Level 5.0 Transmutations
 + Level 5.0 Fire Magic
 + Level 5.0 Ice Magic
 + Level 5.0 Air Magic
 + Level 5.0 Earth Magic
 + Level 5.0 Poison Magic
 + Level 6.6 Invocations
 + Level 6.0 Evocations


You had 10 spell levels left.
You knew the following spells:

 Your Spells              Type           Power      Damage    Failure   Level
a - Foxfire               Conj/Fire      100%       2x1d9     1%          1
b - Stone Arrow           Conj/Erth      64%        3d11      1%          3
c - Sticky Flame          Conj/Fire      32%        2d5       2%          4
d - Iskenderun's Mystic   Conj/Tloc      32%        2d8       2%          4

Your spell library contained the following spells:

 Spells                   Type           Power      Damage    Failure   Level
 Fireball                 Conj/Fire      16%        3d8       7%          5
 Sandblast                Erth           64%        2d14      1%          1
 Passwall                 Tmut/Erth      26%        N/A       1%          2
 Fulminant Prism          Conj/Hex       16%        3d11      2%          4
 Lee's Rapid Deconstruct  Erth           16%        3d11*     7%          5

Inventory:

Hand Weapons
 i - a +0 war axe of draining {axe}
   (You found it on level 6 of the Dungeon)
 L - a +1 dagger of venom (weapon) {short}
   (You took it off an orc on level 6 of the Dungeon)
 U - a +2 dagger of speed {short}
   (You took it off a kobold on level 8 of the Dungeon)
Missiles
 a - 7 javelins {throwing}
 b - 2 curare-tipped darts {=fthrowing}
 c - 40 poisoned darts (quivered) {throwing}
 h - 435 stones {throwing}
 k - 8 boomerangs {throwing}
 w - 6 atropa-tipped darts {throwing}
 z - 5 silver boomerangs {throwing}
 R - a throwing net {=f!fthrowing}
Armour
 q - +0 steam dragon scales (worn)
   (You took it off Maggie on level 6 of the Dungeon)
 v - a +1 cloak (worn)
   (You found it on level 3 of the Dungeon)
 y - the +2 pair of boots of Hopscotch (worn) {Regen+ Int+4}
   (You found it on level 4 of the Dungeon)

   Int:       It affects your intelligence (+4).
   Regen:     It increases your rate of health regeneration.
 K - a +1 pair of gloves (worn)
   (You found it on level 6 of the Dungeon)
Jewellery
 m - a +6 ring of intelligence (left hand)
   (You found it on level 1 of the Dungeon)
 s - a +4 ring of evasion
   (You found it on level 6 of the Dungeon)
 t - a ring of flight
   (You found it on level 3 of the Dungeon)
 x - an amulet of regeneration (around neck) {@e2}
   (You found it on level 3 of the Dungeon)
 D - a ring of ice
   (You found it on level 5 of the Dungeon)
 P - the ring "Maeppyug" (right hand) {*Corrode Str+6 Dex+3 SInv Stlth+}
   (You found it on level 6 of the Dungeon)

   [ring of strength]

   Str:       It affects your strength (+6).
   Dex:       It affects your dexterity (+3).
   SInv:      It lets you see invisible.
   *Corrode:  It may corrode you when you take damage.
   Stlth:     It makes you more stealthy.
Wands
 C - a wand of iceblast (10)
   (You found it on level 4 of the Dungeon)
 E - a wand of digging (8)
   (You took it off an orc priest on level 5 of the Dungeon)
 M - a wand of charming (14)
   (You found it on level 6 of the Dungeon)
 N - a wand of polymorph (5)
   (You found it on level 6 of the Dungeon)
Scrolls
 d - a scroll of summoning
 e - 3 scrolls of fear
 f - a scroll of poison {!r}
 g - 3 scrolls of vulnerability {!r!r}
 j - a scroll of amnesia {unknown}
 l - 4 scrolls of teleportation {@r4}
 p - 2 scrolls of fog
 A - 2 scrolls of noise {!r}
 B - 2 scrolls of enchant weapon
 I - a scroll of enchant armour {unknown}
 O - 4 scrolls of magic mapping {unknown}
 T - a scroll of blinking {unknown}
 V - a scroll of identify {@r1}
Potions
 n - 2 potions of attraction {!q}
 o - 4 potions of curing {@q1}
 r - 3 potions of lignification {!q}
 u - 4 potions of haste {@q3}
 F - a potion of invisibility {unknown}
 G - a potion of brilliance {unknown}
 H - a potion of heal wounds {@q2}
 J - 2 potions of flight {unknown}
 Q - a potion of degeneration {unknown}
 S - a potion of mutation {unknown}

Dungeon Overview and Level Annotations

Branches:
Dungeon (9/15)             Temple (0/1) D:4            Lair (1/6) D:9
    Orc: D:9-12

Altars:
Ashenzari
Elyvilon
Fedhas
Gozag
Makhleb
Okawaru
Ru
Trog
Vehumet
Xom
The Shining One

Annotations:
D:8 3 runed translucent doors

..........
.......... ##
........## ...
........##....
###............
#..........#...
#..............
..##.....@...#....
..........F[))......
#..........[.†.#...
...............# .
...........##.#....
............#.#.....
...........##.. ....
...........##...∆...
............#.##. #


You could see a cane toad (very poisoned).


Message History

The foxfire hits the yak.
The cane toad stings you but does no damage. 😕 HP[+2]
You regained 2 hp, and now have 72/83 hp.
Unknown command.
The blink frog attacks as you move away!
The blink frog misses you.
The foxfire hits the yak.
The foxfire hits the cane toad!
The blink frog blinks!
The yak gores you but does no damage.
The fire bat closely misses you. 😕 HP[+2]
You regained 2 hp, and now have 74/83 hp.
The cane toad attacks as you move away! The cane toad misses you.
The fire bat bites you but does no damage.
The blink frog blinks!
A fire bat comes into view.
There is a staircase back to the Dungeon here. 😕 HP[+2]
You regained 2 hp, and now have 76/83 hp.
Unknown command.
The yak misses you.
The blink frog blinks!
The cane toad misses you.
You climb upwards.
Welcome back to the Dungeon!
There is a staircase to the Lair here. 😕 HP[+4]
You regained 4 hp, and now have 80/83 hp.
Unknown command.
Unknown command.
Unknown command.
Casting: Foxfire (safe; 1% risk of failure)
Confirm with . or Enter, or press ? or * to list all spells.
You don't have enough magic to cast this spell.
Casting: Foxfire (safe; 1% risk of failure)
Confirm with . or Enter, or press ? or * to list all spells.
Aiming: Stone Arrow (safe; 1% risk of failure)
Press: ? - help, Shift-Dir - straight line, f - yak
Aim: a yak (lightly wounded, 84% to hit)
The stone arrow hits the yak!!
The yak gores you but does no damage.
The cane toad stings you but does no damage. 😕 HP[+2] MP[-2]
You regained 2 hp, and now have 82/83 hp.
You lost 2 mp, and now have 1/20 mp.
You hit the yak.
The yak is poisoned.
The yak completely misses you.
The cane toad closely misses you. 😎 HP[+1]
Your hp is fully restored (83).
You barely miss the yak. The yak misses you. The cane toad stings you!
You are poisoned.
The cane toad poisons you! 😕 HP[-13]
You take 13 damage, and now have 70/83 hp.
Unknown command.
You hit the yak but do no damage.
The yak looks as sick as possible!
You feel very sick. 😕 HP[-3]
You take 3 damage, and now have 67/83 hp.
Casting: Stone Arrow (safe; 1% risk of failure)
Confirm with . or Enter, or press ? or * to list all spells.
You conjure some foxfire!
You feel very sick. The cane toad completely misses you.
The yak gores you but does no damage.
The cane toad stings you! 😮 HP[-18] MP[-1]
You take 18 damage, and now have 49/83 hp.
MASSIVE DAMAGE!! (PAUSE)
You lost 1 mp, and now have 0/20 mp.
Casting: Foxfire (safe; 1% risk of failure)
Confirm with . or Enter, or press ? or * to list all spells.
You don't have enough magic to cast this spell.
Unknown command.
You hit the yak.
The yak looks as sick as possible!
Your punch misses the yak.
You feel sick.
The foxfire hits the yak.
The yak gores you!
* * * LOW HITPOINT WARNING * * *
The foxfire hits the yak.
You kill the yak!
Vehumet accepts your kill.
You feel your power returning. 😨 HP[-12] MP[+3]
You take 12 damage, and now have 37/83 hp.
You regained 3 mp, and now have 3/20 mp.
You hit the cane toad but do no damage.
You feel sick. The cane toad stings you!
* * * LOW HITPOINT WARNING * * *
😨 HP[-12]
You take 12 damage, and now have 25/83 hp.
Casting: Foxfire (safe; 1% risk of failure)
Confirm with . or Enter, or press ? or * to list all spells.
You don't have enough magic to cast this spell.
Casting: Foxfire (safe; 1% risk of failure)
Confirm with . or Enter, or press ? or * to list all spells.
Aiming: Stone Arrow (safe; 1% risk of failure)
Press: ? - help, Shift-Dir - straight line, f - cane toad
Aim: a cane toad (heavily wounded, 77% to hit)
The stone arrow hits the cane toad!
You feel sick. The cane toad stings you!
* * * LOW HITPOINT WARNING * * *
😱 HP[-15] MP[-2]
You take 15 damage, and now have 10/83 hp.
You lost 2 mp, and now have 1/20 mp.
You hit the cane toad but do no damage.
The cane toad is poisoned.
You bite the cane toad, but do no damage.
You feel sick. The cane toad stings you!
You die...

Skill      XL: |  1  2  3  4  5  6  7  8  9 10 11 |
---------------+----------------------------------+-----
Invocations    | 1 2 3 4 5 6 |  6.6
Short Blades   | 1 2 3 4 5 6 |  6.0
Long Blades    | 1 2 3 4 5 6 |  6.0
Axes           | 1 2 3 4 5 6 |  6.0
Staves         | 1 2 3 4 5 6 |  6.0
Slings         | 1 2 3 4 5 6 |  6.0
Bows           | 1 2 3 4 5 6 |  6.0
Crossbows      | 1 2 3 4 5 6 |  6.0
Stealth        | 1 2 3 4 5 6 |  6.0
Shields        | 1 2 3 4 5 6 |  6.0
Unarmed Combat | 1 2 3 4 5 6 |  6.0
Spellcasting   | 1 2 3 4 5 6 |  6.0
Evocations     | 1 2 3 4 5 6 |  6.0
Conjurations   | 1 2 3 4 5 |  5.0
Hexes          | 1 2 3 4 5 |  5.0
Summonings     | 1 2 3 4 5 |  5.0
Necromancy     | 1 2 3 4 5 |  5.0
Translocations | 1 2 3 4 5 |  5.0
Transmutations | 1 2 3 4 5 |  5.0
Fire Magic     | 1 2 3 4 5 |  5.0
Ice Magic      | 1 2 3 4 5 |  5.0
Air Magic      | 1 2 3 4 5 |  5.0
Earth Magic    | 1 2 3 4 5 |  5.0
Poison Magic   | 1 2 3 4 5 |  5.0
Fighting       | 3 4 5 6 |  6.6
Armour         | 3 4 5 6 |  6.6
Dodging        | 3 4 5 6 |  6.6
Maces & Flails | 5 6 7 |  7.6
Throwing       | 5 6 7 |  7.6
Polearms       | 7 8 9 |  9.0

Action                   |  1- 3 |  4- 6 |  7- 9 | 10-12 || total
-------------------------+-------+-------+-------+-------++-------
Melee: Spear             |   119 |    78 |   240 |       ||   437
       Bite              |     8 |     4 |    25 |    29 ||    66
       Punch             |     2 |     2 |    10 |     8 ||    22
       Dagger            |       |       |    72 |   186 ||   258
 Cast: Foxfire           |     2 |    22 |   116 |    21 ||   161
       Stone Arrow       |       |       |    42 |    25 ||    67
       Sticky Flame      |       |       |       |    27 ||    27
Evoke: Wand              |       |       |     2 |       ||     2
  Use: Scroll            |     1 |       |     3 |     4 ||     8
       Potion            |       |       |     6 |     2 ||     8
 Stab: Sleeping          |     1 |     1 |    13 |    10 ||    25
       Distracted        |       |     1 |       |       ||     1
       Fleeing           |       |       |     1 |       ||     1
Armor: Leather armour    |    14 |    22 |   101 |       ||   137
       Skin              |       |       |     3 |       ||     3
       Steam dragon scal |       |       |    35 |   139 ||   174
Dodge: Dodged            |    55 |    42 |   188 |   245 ||   530

Levels and vault maps discovered:
D:1:      heliophobic_arrival_henge, layout_rooms,
          ebering_ecumenical_altar_webs, dreamdust_mushroom_princess,
          minivault_11
D:2:      layout_loops_cross, kennysheep_pointless_box
D:3:      layout_basic, lemuel_tele_altar, nicolae_elevator_lobby_plus
D:4:      layout_loops_ring, cheibrodos_ashenzari_chains,
          mainiacjoe_overflow_tiny_flanked, minmay_temple_entry_waves,
          uniq_menkaure
D:5:      layout_rooms, kennysheep_mini
D:6:      kennysheep_housing_project, layout_loops_corners,
          mainiacjoe_overflow_catwalk, nicolae_elyvilon_peaceful_grove,
          uniq_prince_ribbit1, uniq_grinder, uniq_maggie
D:7:      layout_basic, nicolae_gozag_cash_rules_everything_around_me
D:8:      layout_loops_cross, mainiacjoe_overflow_brackets,
          nicolae_tso_carved_into_rock,
          ploomutoo_gammafunk_ghost_potion_laboratory, minmay_lizard_king
D:9:      layout_cave_pools, mainiacjoe_overflow_alcove_1,
          mainiacjoe_overflow_surrounded_room, zin_scriptorium,
          mainiacjoe_overflow_chevrons, lair_entry_dummy, uniq_maurice
Lair:1:   layout_gridlike, gammafunk_ghost_wrathful_warriors,
          serial_bayou_lagoon_a, gammafunk_lair_bear_cave, uniq_nergalle

Notes
Turn   | Place    | Note
-------+----------+-------------------------------------------
     0 | D:1      | spaghetti the Gnoll Wanderer began the quest for the Orb.
     0 | D:1      | spaghetti set off with the following items: a +2 spear
                  | {polearm}, a +0 mace {mace}, 10 poisoned darts {throwing},
                  | a +0 dagger {short}, a scroll of fear, a +0 leather armour
     0 | D:1      | Reached XP level 1. HP: 17/17 MP: 1/1
     0 | D:1      | magus.rc [v1.9.6]
   309 | D:1      | Reached XP level 2. HP: 23/23 MP: 2/2
   656 | D:1      | Found a faded altar of an unknown god.
   676 | D:1      | Prayed at the altar of an unknown god.
   676 | D:1      | Became a worshipper of Vehumet
   676 | D:1      | Reached * piety under Vehumet
   676 | D:1      | Offered knowledge of Foxfire by Vehumet.
   783 | D:1      | Reached XP level 3. HP: 28/28 MP: 3/3
   785 | D:1      | Learned a level 1 spell: Foxfire
  1596 | D:2      | Reached skill level 1 in Invocations
  1875 | D:3      | Reached skill level 1 in Short Blades
  1875 | D:3      | Reached skill level 1 in Long Blades
  1875 | D:3      | Reached skill level 1 in Axes
  1875 | D:3      | Reached skill level 1 in Staves
  1875 | D:3      | Reached skill level 1 in Slings
  1875 | D:3      | Reached skill level 1 in Bows
  1875 | D:3      | Reached skill level 1 in Crossbows
  1875 | D:3      | Reached skill level 1 in Stealth
  1875 | D:3      | Reached skill level 1 in Shields
  1875 | D:3      | Reached skill level 1 in Unarmed Combat
  1875 | D:3      | Reached skill level 1 in Spellcasting
  1875 | D:3      | Reached skill level 1 in Evocations
  2318 | D:3      | Found a sacrificial altar of Ru.
  2534 | D:3      | Reached XP level 4. HP: 34/34 MP: 5/5
  2598 | D:4      | Reached skill level 1 in Conjurations
  2598 | D:4      | Reached skill level 1 in Hexes
  2598 | D:4      | Reached skill level 1 in Summonings
  2598 | D:4      | Reached skill level 1 in Necromancy
  2598 | D:4      | Reached skill level 1 in Translocations
  2598 | D:4      | Reached skill level 1 in Transmutations
  2598 | D:4      | Reached skill level 1 in Fire Magic
  2598 | D:4      | Reached skill level 1 in Ice Magic
  2598 | D:4      | Reached skill level 1 in Air Magic
  2598 | D:4      | Reached skill level 1 in Earth Magic
  2598 | D:4      | Reached skill level 1 in Poison Magic
  2615 | D:4      | Noticed a phantom
  2625 | D:4      | Found a staircase to the Ecumenical Temple.
  2636 | D:4      | Killed a phantom
  2637 | D:4      | Reached skill level 3 in Fighting
  2637 | D:4      | Reached skill level 3 in Armour
  2637 | D:4      | Reached skill level 3 in Dodging
  2637 | D:4      | Reached XP level 5. HP: 36/41 MP: 0/7
  2642 | D:4      | Offered knowledge of Magic Dart by Vehumet.
  2707 | D:4      | Reached ** piety under Vehumet
  2790 | D:4      | Identified the +2 pair of boots of Hopscotch {Regen+ Int+4}
  2863 | D:4      | Noticed an ogre
  2876 | D:4      | Killed an ogre
  2877 | D:4      | Reached skill level 2 in Invocations
  2877 | D:4      | Reached XP level 6. HP: 34/47 MP: 8/8
  2949 | D:4      | Reached skill level 5 in Maces & Flails
  2949 | D:4      | Reached skill level 5 in Throwing
  3086 | D:4      | Found a broken altar of Ashenzari.
  3108 | D:4      | Reached skill level 2 in Short Blades
  3108 | D:4      | Reached skill level 2 in Long Blades
  3108 | D:4      | Reached skill level 2 in Axes
  3108 | D:4      | Reached skill level 2 in Staves
  3108 | D:4      | Reached skill level 2 in Slings
  3108 | D:4      | Reached skill level 2 in Bows
  3108 | D:4      | Reached skill level 2 in Crossbows
  3108 | D:4      | Reached skill level 2 in Stealth
  3108 | D:4      | Reached skill level 2 in Shields
  3108 | D:4      | Reached skill level 2 in Unarmed Combat
  3108 | D:4      | Reached skill level 2 in Spellcasting
  3108 | D:4      | Reached skill level 2 in Evocations
  3152 | D:4      | Noticed Menkaure
  3155 | D:4      | Found a bloodstained altar of Trog.
  3164 | D:4      | Killed Menkaure
  3165 | D:4      | Reached XP level 7. HP: 35/52 MP: 6/10
  3210 | D:4      | Reached skill level 7 in Polearms
  3485 | D:4      | Reached skill level 2 in Conjurations
  3485 | D:4      | Reached skill level 2 in Hexes
  3485 | D:4      | Reached skill level 2 in Summonings
  3485 | D:4      | Reached skill level 2 in Necromancy
  3485 | D:4      | Reached skill level 2 in Translocations
  3485 | D:4      | Reached skill level 2 in Transmutations
  3485 | D:4      | Reached skill level 2 in Fire Magic
  3485 | D:4      | Reached skill level 2 in Ice Magic
  3485 | D:4      | Reached skill level 2 in Air Magic
  3485 | D:4      | Reached skill level 2 in Earth Magic
  3485 | D:4      | Reached skill level 2 in Poison Magic
  3611 | D:5      | Entered Level 5 of the Dungeon
  3678 | D:5      | Reached skill level 3 in Invocations
  3984 | D:5      | You pick up a book of Geomancy and begin reading...
  3984 | D:5      | You add the spells Sandblast, Passwall and Stone Arrow to
                  | your library.
  4018 | D:5      | Learned a level 3 spell: Stone Arrow
  4129 | D:5      | Reached XP level 8. HP: 60/60 MP: 12/12
  4308 | D:5      | Reached skill level 4 in Fighting
  4308 | D:5      | Reached skill level 4 in Armour
  4308 | D:5      | Reached skill level 4 in Dodging
  4316 | D:5      | Found a blossoming altar of Fedhas.
  4383 | D:5      | Offered knowledge of Inner Flame by Vehumet.
  4390 | D:5      | Reached skill level 3 in Short Blades
  4390 | D:5      | Reached skill level 3 in Long Blades
  4390 | D:5      | Reached skill level 3 in Axes
  4390 | D:5      | Reached skill level 3 in Staves
  4390 | D:5      | Reached skill level 3 in Slings
  4390 | D:5      | Reached skill level 3 in Bows
  4390 | D:5      | Reached skill level 3 in Crossbows
  4390 | D:5      | Reached skill level 3 in Stealth
  4390 | D:5      | Reached skill level 3 in Shields
  4390 | D:5      | Reached skill level 3 in Unarmed Combat
  4390 | D:5      | Reached skill level 3 in Spellcasting
  4390 | D:5      | Reached skill level 3 in Evocations
  4780 | D:6      | Noticed Prince Ribbit
  4801 | D:6      | Killed Prince Ribbit
  4998 | D:6      | Reached *** piety under Vehumet
  5055 | D:6      | Reached skill level 3 in Conjurations
  5055 | D:6      | Reached skill level 3 in Hexes
  5055 | D:6      | Reached skill level 3 in Summonings
  5055 | D:6      | Reached skill level 3 in Necromancy
  5055 | D:6      | Reached skill level 3 in Translocations
  5055 | D:6      | Reached skill level 3 in Transmutations
  5055 | D:6      | Reached skill level 3 in Fire Magic
  5055 | D:6      | Reached skill level 3 in Ice Magic
  5055 | D:6      | Reached skill level 3 in Air Magic
  5055 | D:6      | Reached skill level 3 in Earth Magic
  5055 | D:6      | Reached skill level 3 in Poison Magic
  5055 | D:6      | Reached skill level 4 in Invocations
  5123 | D:6      | Noticed Maggie
  5132 | D:6      | Killed Maggie
  5133 | D:6      | Reached skill level 6 in Maces & Flails
  5133 | D:6      | Reached skill level 6 in Throwing
  5133 | D:6      | Reached XP level 9. HP: 42/66 MP: 1/14
  5346 | D:6      | Noticed Grinder
  5348 | D:6      | Found a shimmering altar of Xom.
  5357 | D:6      | Paralysed by Grinder for 5 turns
  5363 | D:6      | Killed Grinder
  5364 | D:6      | Reached skill level 4 in Short Blades
  5364 | D:6      | Reached skill level 4 in Long Blades
  5364 | D:6      | Reached skill level 4 in Axes
  5364 | D:6      | Reached skill level 4 in Staves
  5364 | D:6      | Reached skill level 4 in Slings
  5364 | D:6      | Reached skill level 4 in Bows
  5364 | D:6      | Reached skill level 4 in Crossbows
  5364 | D:6      | Reached skill level 4 in Stealth
  5364 | D:6      | Reached skill level 4 in Shields
  5364 | D:6      | Reached skill level 4 in Unarmed Combat
  5364 | D:6      | Reached skill level 4 in Spellcasting
  5364 | D:6      | Reached skill level 4 in Evocations
  5651 | D:6      | Reached skill level 5 in Fighting
  5651 | D:6      | Reached skill level 5 in Armour
  5651 | D:6      | Reached skill level 5 in Dodging
  5838 | D:6      | Offered knowledge of Mephitic Cloud by Vehumet.
  6266 | D:6      | Identified the ring "Maeppyug" {*Corrode Str+6 Dex+3 SInv
                  | Stlth+}
  6386 | D:6      | Reached skill level 8 in Polearms
  6544 | D:6      | Found a white marble altar of Elyvilon.
  6791 | D:7      | Reached skill level 5 in Invocations
  7118 | D:7      | Found an opulent altar of Gozag.
  7233 | D:7      | Reached skill level 4 in Conjurations
  7233 | D:7      | Reached skill level 4 in Hexes
  7233 | D:7      | Reached skill level 4 in Summonings
  7233 | D:7      | Reached skill level 4 in Necromancy
  7233 | D:7      | Reached skill level 4 in Translocations
  7233 | D:7      | Reached skill level 4 in Transmutations
  7233 | D:7      | Reached skill level 4 in Fire Magic
  7233 | D:7      | Reached skill level 4 in Ice Magic
  7233 | D:7      | Reached skill level 4 in Air Magic
  7233 | D:7      | Reached skill level 4 in Earth Magic
  7233 | D:7      | Reached skill level 4 in Poison Magic
  7233 | D:7      | Reached XP level 10. HP: 74/74 MP: 17/17
  7545 | D:7      | Reached **** piety under Vehumet
  7600 | D:8      | Paralysed by a hornet for 3 turns
  7608 | D:8      | Reached skill level 5 in Short Blades
  7608 | D:8      | Reached skill level 5 in Long Blades
  7608 | D:8      | Reached skill level 5 in Axes
  7608 | D:8      | Reached skill level 5 in Staves
  7608 | D:8      | Reached skill level 5 in Slings
  7608 | D:8      | Reached skill level 5 in Bows
  7608 | D:8      | Reached skill level 5 in Crossbows
  7608 | D:8      | Reached skill level 5 in Stealth
  7608 | D:8      | Reached skill level 5 in Shields
  7608 | D:8      | Reached skill level 5 in Unarmed Combat
  7608 | D:8      | Reached skill level 5 in Spellcasting
  7608 | D:8      | Reached skill level 5 in Evocations
  7662 | D:8      | Offered knowledge of Sticky Flame by Vehumet.
  7703 | D:8      | Found a glowing golden altar of the Shining One.
  7795 | D:8      | Learned a level 4 spell: Sticky Flame
  7814 | D:8      | Noticed a brown ugly thing
  7815 | D:8      | Found a runed translucent gate.
  7815 | D:8      | Found a runed translucent gate.
  7815 | D:8      | Noticed a white ugly thing
  7816 | D:8      | Found a runed translucent gate.
  7816 | D:8      | Noticed a red ugly thing
  7816 | D:8      | Noticed a red ugly thing
  7861 | D:8      | Noticed a two-headed ogre
  7873 | D:8      | Killed a two-headed ogre
  7874 | D:8      | Reached skill level 7 in Maces & Flails
  7874 | D:8      | Reached skill level 7 in Throwing
  8088 | D:8      | Reached skill level 6 in Fighting
  8088 | D:8      | Reached skill level 6 in Armour
  8088 | D:8      | Reached skill level 6 in Dodging
  8280 | D:8      | Found an iron altar of Okawaru.
  8305 | D:8      | You pick up a book of Blasting and begin reading...
  8305 | D:8      | You add the spells Fulminant Prism, Iskenderun's Mystic
                  | Blast and Lee's Rapid Deconstruction to your library.
  8318 | D:8      | Reached skill level 6 in Invocations
  8855 | D:8      | Reached XP level 11. HP: 51/83 MP: 3/19
  9166 | D:9      | Found a burning altar of Makhleb.
  9180 | D:9      | Found a staircase to the Lair.
  9201 | D:9      | Reached ***** piety under Vehumet
  9210 | D:9      | Reached skill level 9 in Polearms
  9211 | D:9      | HP: 20/83 [centaur (5)]
  9226 | D:9      | Reached skill level 6 in Short Blades
  9226 | D:9      | Reached skill level 6 in Long Blades
  9226 | D:9      | Reached skill level 6 in Axes
  9226 | D:9      | Reached skill level 6 in Staves
  9226 | D:9      | Reached skill level 6 in Slings
  9226 | D:9      | Reached skill level 6 in Bows
  9226 | D:9      | Reached skill level 6 in Crossbows
  9226 | D:9      | Reached skill level 6 in Stealth
  9226 | D:9      | Reached skill level 6 in Shields
  9226 | D:9      | Reached skill level 6 in Unarmed Combat
  9226 | D:9      | Reached skill level 6 in Spellcasting
  9226 | D:9      | Reached skill level 6 in Evocations
  9240 | D:9      | Learned a level 4 spell: Iskenderun's Mystic Blast
  9242 | Lair:1   | Entered Level 1 of the Lair of Beasts
  9247 | Lair:1   | Offered knowledge of Fireball by Vehumet.
  9248 | Lair:1   | Reached skill level 5 in Conjurations
  9248 | Lair:1   | Reached skill level 5 in Hexes
  9248 | Lair:1   | Reached skill level 5 in Summonings
  9248 | Lair:1   | Reached skill level 5 in Necromancy
  9248 | Lair:1   | Reached skill level 5 in Translocations
  9248 | Lair:1   | Reached skill level 5 in Transmutations
  9248 | Lair:1   | Reached skill level 5 in Fire Magic
  9248 | Lair:1   | Reached skill level 5 in Ice Magic
  9248 | Lair:1   | Reached skill level 5 in Air Magic
  9248 | Lair:1   | Reached skill level 5 in Earth Magic
  9248 | Lair:1   | Reached skill level 5 in Poison Magic
  9268 | D:9      | HP: 10/83 [cane toad (15)]
  9269 | D:9      | Slain by a cane toad

Vanquished Creatures
  A two-headed ogre (D:8)
  A komodo dragon (D:8)
  Maggie (D:6)
  A troll (D:8)
  A hornet (D:8)
  Grinder (D:6)
  Prince Ribbit (D:6)
  A blink frog (Lair:1)
  7 yaks
  2 steam dragons (D:8)
  Menkaure (D:4)
  3 water moccasins
  An ice beast (D:6)
  2 black bears
  An ogre (D:4)
  2 orc warriors
  4 centaurs
  2 phantoms (D:4)
  6 kobold brigands
  A gnoll sergeant (D:6)
  7 bullfrogs
  A necrophage (D:5)
  2 scorpions
  10 killer bees (D:9)
  8 hounds
  3 gnoll shamans
  5 orc priests
  6 iguanas
  8 orc wizards
  10 gnolls
  8 adders
  A shadow imp (D:8)
  A white imp (D:5)
  2 ufetubi (D:5)
  A worm (D:2)
  22 orcs
  5 ball pythons
  4 bats
  11 endoplasms
  A giant cockroach (D:4)
  3 goblins
  15 hobgoblins
  3 quokkas
  7 frilled lizards
  29 kobolds
  6 rats
219 creatures vanquished.

Vanquished Creatures (collateral kills)
  13 foxfires (D:6)
13 creatures vanquished.

Vanquished Creatures (others)
  An orc wizard (D:9)
  A butterfly (D:6)
  255 foxfires
  5 fungi (D:1)
  27 plants
289 creatures vanquished.

Grand Total: 521 creatures vanquished

Table legend:
 A = Non-vault XP
 B = Vault XP
 C = Vault XP percentage of total XP
 D = Non-vault monster count
 E = Vault monster count
 F = Vault count percentage of total count
                 A         B        C        D         E       F
            +---------+---------+-------+---------+---------+-------
      Total |    8387 |    2352 |  21.9 |     179 |      41 |  18.6
            +---------+---------+-------+---------+---------+-------
        D:1 |      38 |       0 |   0.0 |      24 |       0 |   0.0
        D:2 |      16 |       0 |   0.0 |       8 |       0 |   0.0
        D:3 |      28 |       0 |   0.0 |      11 |       0 |   0.0
        D:4 |     541 |     172 |  24.1 |      18 |       1 |   5.3
        D:5 |     603 |       0 |   0.0 |      30 |       0 |   0.0
        D:6 |     705 |    1686 |  70.5 |      16 |      33 |  67.3
        D:7 |    1195 |       0 |   0.0 |      18 |       0 |   0.0
        D:8 |    3863 |     494 |  11.3 |      31 |       7 |  18.4
        D:9 |    1128 |       0 |   0.0 |      22 |       0 |   0.0
     Lair:1 |     270 |       0 |   0.0 |       1 |       0 |   0.0
            +---------+---------+-------+---------+---------+-------

Illustrated notes

Table legend:
 A = Kills in this place as a percentage of kills in entire the game.
 B = Kills by you in this place as a percentage of kills by you in the entire game.
 C = Kills by friends in this place as a percentage of kills by friends in the entire game.
 D = Other kills in this place as a percentage of other kills in the entire game.
 E = Experience gained in this place as a percentage of experience gained in the entire game.
 F = Experience gained in this place divided by the number of levels of this place that you have seen.
                   A       B       C       D       E      F
               +-------+-------+-------+-------+-------+----------------------
         Total | 100.0 | 100.0 |   N/A | 100.0 | 100.0 | 1073.9
       Dungeon |  99.5 |  99.5 |   N/A | 100.0 |  97.5 | 1163.2
          Lair |   0.5 |   0.5 |   N/A |   0.0 |   2.5 | 270.0
               +-------+-------+-------+-------+-------+----------------------

Table legend: (Time is in decaauts)
 A = Elapsed time spent in this place.
 B = Non-inter-level travel time spent in this place.
 C = Inter-level travel time spent in this place.
 D = Time resting spent in this place.
 E = Time spent auto-exploring this place.
 F = Levels seen in this place.
 G = Mean time per level.
                   A        B        C        D        E       F      G
               +--------+--------+--------+--------+--------+-----+--------+
         Total |   9119 |   8893 |    226 |    340 |   6903 |  10 |  911.9 |
       Dungeon |   9101 |   8875 |    226 |    340 |   6903 |   9 | 1011.2 |
          Lair |     17 |     17 |      0 |      0 |      0 |   1 |   17.0 |
               +--------+--------+--------+--------+--------+-----+--------+

Top non-repeatable levels by time:
     D:6: 2053 daAuts
     D:8: 1323 daAuts
     D:4: 1026 daAuts
     D:1: 995 daAuts
     D:5: 946 daAuts
     D:7: 910 daAuts
     D:3: 793 daAuts
     D:2: 747 daAuts
     D:9: 306 daAuts
  Lair:1: 17 daAuts
